[Event "ESTCC 65 2019"]
[Site "Mali Losinj"]
[Date "2019.09.19"]
[Round "2.29"]
[White "James, Kevin"]
[Black "Vadlja, Stjepan"]
[Result "1-0"]
[ECO "D36"]
[WhiteElo "1959"]
[BlackElo "1636"]
[Annotator "NA"]
[PlyCount "65"]
[EventDate "2019.09.18"]
[EventType "team-tourn"]
[EventCountry "CRO"]
[SourceTitle "playchess.com"]
[Source "ChessBase"]
[SourceQuality "1"]
[WhiteTeam "Ireland"]
[BlackTeam "Croatia"]
[WhiteTeamCountry "IRL"]
[BlackTeamCountry "CRO"]
[TimeControl "40/5400+30:1800+30"]

1. d4 d5 2. c4 Nf6 3. Nc3 e6 4. cxd5 exd5 5. Bg5 Be7 6. Qc2 O-O 7. e3 c6 8. Bd3 h6 9. Bh4 Re8 10. Nge2 Nbd7 11. f3 Nf8 12. Rd1 N6h7 13. Bf2 Bg5 14. e4 dxe4 15. fxe4 Nf6 16. h4 Ng4 17. hxg5 Nxf2 18. Kxf2 Qxg5 19. Qd2 Qe7 20. e5 Be6 21. Ne4 Nd7 22. Rh2 f5 23. Nd6 Rf8 24. Nf4 Bf7 25. Nxf7 Nb6 26. Nxh6+ gxh6 27. Ng6 Qg7 28. Nxf8 Rxf8 29. Qxh6 Nd5 30. Rdh1 Ne7 31. Qxg7+ Kxg7 32. Rh7+ Kg8 33. Rxe7 1-0

[Event "ESTCC 65 2019"]
[Site "Mali Losinj"]
[Date "2019.09.19"]
[Round "2.31"]
[White "Egan, Colm"]
[Black "Novak, Stjepan"]
[Result "1-0"]
[ECO "A44"]
[WhiteElo "1710"]
[BlackElo "1503"]
[Annotator "NA"]
[PlyCount "91"]
[EventDate "2019.09.18"]
[EventType "team-tourn"]
[EventCountry "CRO"]
[SourceTitle "playchess.com"]
[Source "ChessBase"]
[SourceQuality "1"]
[WhiteTeam "Ireland"]
[BlackTeam "Croatia"]
[WhiteTeamCountry "IRL"]
[BlackTeamCountry "CRO"]
[TimeControl "40/5400+30:1800+30"]

1. d4 c5 2. d5 d6 3. Nc3 e5 4. e4 a6 5. a4 Nf6 6. Bg5 Be7 7. Bxf6 Bxf6 8. Nf3 Bg4 9. Be2 Bxf3 10. Bxf3 Nd7 11. a5 b5 12. axb6 Nxb6 13. O-O O-O 14. Be2 Qc8 15. Ra3 c4 16. Qa1 Qb7 17. Qa2 Rfb8 18. Ra1 h6 19. Rxa6 Rxa6 20. Qxa6 Qxa6 21. Rxa6 Be7 22. Ra7 Kf8 23. Kf1 g6 24. Ke1 Ke8 25. Kd1 Kd8 26. b3 cxb3 27. cxb3 f5 28. exf5 gxf5 29. Kc2 Nc8 30. Ra5 Bg5 31. Bd3 Ne7 32. Ra7 Rc8 33. Kb2 Bc1+ 34. Kc2 Bg5 35. Bb5 Rc7 36. Ra6 Nc8 37. Bc6 Na7 38. b4 e4 39. b5 Nxc6 40. dxc6 Ke8 41. Nd5 Rc8 42. c7 e3 43. fxe3 Bxe3 44. Rxd6 Bg5 45. b6 Ra8 46. b7 1-0

[Event "ESTCC 65 2019"]
[Site "Mali Losinj"]
[Date "2019.09.19"]
[Round "2.32"]
[White "Petanjek, Zvonko"]
[Black "Durkan, Joe"]
[Result "0-1"]
[ECO "C47"]
[WhiteElo "1650"]
[BlackElo "1459"]
[Annotator "NA"]
[PlyCount "112"]
[EventDate "2019.09.18"]
[EventType "team-tourn"]
[EventCountry "CRO"]
[SourceTitle "playchess.com"]
[Source "ChessBase"]
[SourceQuality "1"]
[WhiteTeam "Croatia"]
[BlackTeam "Ireland"]
[WhiteTeamCountry "CRO"]
[BlackTeamCountry "IRL"]
[TimeControl "40/5400+30:1800+30"]

1. e4 e5 2. Nf3 Nc6 3. a3 Nf6 4. Nc3 h6 5. Bc4 Be7 6. O-O O-O 7. d3 d6 8. h3 a6 9. Be3 Na5 10. Ba2 Be6 11. Nd5 c5 12. Nxf6+ Bxf6 13. Bxe6 fxe6 14. c4 Nc6 15. Nh2 Bg5 16. Qg4 Kh8 17. Qxe6 Nd4 18. Bxd4 cxd4 19. Nf3 Bf6 20. b4 Re8 21. Qd5 b6 22. Rac1 a5 23. b5 Rc8 24. Qf7 Rc7 25. Qh5 Kh7 26. Nh2 g6 27. Qe2 Bg5 28. Rc2 Rf7 29. g3 Ref8 30. h4 Be7 31. Qg4 h5 32. Qh3 Kg7 33. f3 Qc8 34. Qxc8 Rxc8 35. Rcf2 Rcf8 36. Kg2 g5 37. Kh3 g4+ 38. Kg2 gxf3+ 39. Rxf3 Rxf3 40. Rxf3 Rxf3 41. Kxf3 d5 42. a4 dxc4 43. dxc4 Kf7 44. Ke2 Ke6 45. Nf3 Kd6 46. Kd3 Bf6 47. Ke2 Kc5 48. Kd3 Kb4 49. Ne1 Kxa4 50. Nc2 Kb3 51. Na1+ Kb2 52. Nc2 a4 53. Nb4 a3 54. Kd2 Be7 55. Nc2 a2 56. Kd3 a1=Q 0-1

[Event "ESTCC 65 2019"]
[Site "Mali Losinj"]
[Date "2019.09.20"]
[Round "3.1"]
[White "Werner, Clemens"]
[Black "Balashov, Yuri S"]
[Result "0-1"]
[ECO "C08"]
[WhiteElo "2286"]
[BlackElo "2466"]
[Annotator "RC"]
[PlyCount "94"]
[EventDate "2019.09.18"]
[EventType "team-tourn"]
[EventCountry "CRO"]
[SourceTitle "playchess.com"]
[Source "ChessBase"]
[SourceQuality "1"]
[WhiteTeam "Germany"]
[BlackTeam "Russia"]
[WhiteTeamCountry "GER"]
[BlackTeamCountry "RUS"]
[TimeControl "40/5400+30:1800+30"]

1. e4 c5 2. Nf3 e6 3. c3 d5 4. exd5 exd5 5. d4 Nf6 6. Nbd2 Nc6 7. Bb5 Bd6 8. O-O O-O 9. dxc5 Bxc5 10. Nb3 Bb6 11. Bg5 a6 12. Be2 Re8 13. Bh4 h6 14. Qd2 Qd6 15. Bg3 Qe6 16. Rae1 Ne4 17. Qd1 f5 18. Nfd4 Qf7 19. Bf4 Bd7 20. Bh5 g6 21. Be2 Kh7 22. Bd3 Qf6 23. Bb1 Ne5 24. Bxe5 Rxe5 25. f3 Nd6 26. Rxe5 Qxe5 27. Re1 Qf6 28. Kh1 Re8 29. Rxe8 Bxe8 30. Qe2 Bd7 31. Bd3 h5 32. Qf2 Nf7 33. f4 Nd6 34. Nd2 Ne4 35. Nxe4 dxe4 36. Bc4 Bc7 37. Qe3 b5 38. Be2 b4 39. g3 bxc3 40. Qxc3 Qd6 41. Nb3 Bb6 42. Kg2 e3 43. Bf3 Bb5 44. Qc2 a5 45. Bxh5 a4 46. Na1 Bc6+ 47. Kf1 Qd5 0-1

[Event "ESTCC 65 2019"]
[Site "Mali Losinj"]
[Date "2019.09.20"]
[Round "3.3"]
[White "Herbrechtsmeier, Christof"]
[Black "Kalegin, Evgenij"]
[Result "1/2-1/2"]
[ECO "B43"]
[WhiteElo "2210"]
[BlackElo "2435"]
[Annotator "NA"]
[PlyCount "83"]
[EventDate "2019.09.18"]
[EventType "team-tourn"]
[EventCountry "CRO"]
[SourceTitle "playchess.com"]
[Source "ChessBase"]
[SourceQuality "1"]
[WhiteTeam "Germany"]
[BlackTeam "Russia"]
[WhiteTeamCountry "GER"]
[BlackTeamCountry "RUS"]
[TimeControl "40/5400+30:1800+30"]

1. e4 c5 2. Nf3 e6 3. d4 cxd4 4. Nxd4 a6 5. Nc3 b5 6. Bd3 Qb6 7. Nf3 Qc7 8. O-O Bb7 9. Re1 Be7 10. e5 f5 11. Nd4 g6 12. Bf4 Nc6 13. Nxf5 gxf5 14. Qh5+ Kf8 15. Bxf5 Nd8 16. Rad1 exf5 17. Qxf5+ Nf7 18. Rxd7 Qc6 19. Ne4 Qg6 20. Qxg6 hxg6 21. Rxb7 g5 22. Be3 Rh6 23. f4 gxf4 24. Bxf4 Re6 25. Rf1 Ke8 26. Ng3 Nxe5 27. Nh5 Bf8 28. Bg5 Nd7 29. Rxf8+ Kxf8 30. Rxd7 Rc8 31. Nf4 Rec6 32. c3 Nh6 33. Nd5 Nf7 34. Bf6 Re8 35. g4 Re4 36. h3 Ne5 37. Rd8+ Kf7 38. g5 Re2 39. Nf4 Re4 40. Nd5 Re6 41. Nc7 Rc6 42. Ne8 1/2-1/2

[Event "ESTCC 65 2019"]
[Site "Mali Losinj"]
[Date "2019.09.20"]
[Round "3.4"]
[White "Pushkov, Nikolai"]
[Black "Kiefer, Gerhard"]
[Result "1/2-1/2"]
[ECO "E97"]
[WhiteElo "2261"]
[BlackElo "2227"]
[Annotator "NA"]
[PlyCount "74"]
[EventDate "2019.09.18"]
[EventType "team-tourn"]
[EventCountry "CRO"]
[SourceTitle "playchess.com"]
[Source "ChessBase"]
[SourceQuality "1"]
[WhiteTeam "Russia"]
[BlackTeam "Germany"]
[WhiteTeamCountry "RUS"]
[BlackTeamCountry "GER"]
[TimeControl "40/5400+30:1800+30"]

1. Nf3 Nf6 2. c4 g6 3. Nc3 Bg7 4. e4 d6 5. d4 O-O 6. Be2 e5 7. O-O Nc6 8. Be3 Ng4 9. Bg5 f6 10. Bh4 Nh6 11. dxe5 dxe5 12. Qxd8 Nxd8 13. Nd5 Ne6 14. Rfd1 g5 15. Bg3 c6 16. Ne7+ Kf7 17. Nxc8 Rfxc8 18. h4 g4 19. Nh2 Nd4 20. Bxg4 Nxg4 21. Nxg4 Ke6 22. Kf1 h5 23. Ne3 Rd8 24. Rac1 Bh6 25. Rc3 Ke7 26. Rcd3 Bxe3 27. Rxe3 Ne6 28. Ree1 Rg8 29. Bh2 Rg7 30. f3 Rag8 31. Rd2 Nd4 32. Red1 c5 33. Bg1 b6 34. Be3 Kd6 35. b4 Kc6 36. a3 Kd6 37. Rb1 Kc6 1/2-1/2

[Event "ESTCC 65 2019"]
[Site "Mali Losinj"]
[Date "2019.09.20"]
[Round "3.5"]
[White "Renman, Nils-Gustaf"]
[Black "Rantanen, Yrjo A."]
[Result "1/2-1/2"]
[ECO "D15"]
[WhiteElo "2340"]
[BlackElo "2309"]
[Annotator "ChessBase"]
[PlyCount "122"]
[EventDate "2019.09.18"]
[EventType "team-tourn"]
[EventCountry "CRO"]
[SourceTitle "playchess.com"]
[Source "ChessBase"]
[SourceQuality "1"]
[WhiteTeam "Sweden"]
[BlackTeam "Finland"]
[WhiteTeamCountry "SWE"]
[BlackTeamCountry "FIN"]
[TimeControl "40/5400+30:1800+30"]

1. d4 d5 2. Nf3 Nf6 3. c4 c6 4. Nc3 a6 5. c5 b6 6. cxb6 Nbd7 7. e3 e6 8. Bd2 Qxb6 9. Na4 Qa7 10. Bd3 c5 11. dxc5 Nxc5 12. Nxc5 Bxc5 13. Bc3 Bd7 14. O-O Be7 15. Qe2 O-O 16. Rfc1 Rfb8 17. Bd4 Qb7 18. Be5 Rc8 19. Rxc8+ Qxc8 20. Qf1 Qb7 21. Rc1 Ne8 22. Bc3 Bb5 23. Nd4 Bxd3 24. Qxd3 Nd6 25. b3 Rc8 26. Bb2 Rxc1+ 27. Bxc1 Ne4 28. f3 Nd6 29. Bd2 Nb5 30. Nxb5 Qxb5 31. Qxb5 axb5 32. a4 bxa4 33. bxa4 Kf8 34. Kf2 Ke8 35. Ke2 Kd7 36. Kd3 Bd6 37. h3 Kc6 38. e4 Bc7 39. Bc3 g6 40. Bb4 dxe4+ 41. fxe4 f5 42. exf5 gxf5 43. g4 Bg3 44. gxf5 exf5 45. Kd4 Bc7 46. Be1 Bb8 47. Bh4 Bc7 48. Bf6 Bg3 49. Be5 Bf2+ 50. Kc4 Bb6 51. Bf4 h5 52. Bg3 Be3 53. Be5 Bb6 54. Bf4 Bf2 55. a5 Be1 56. a6 Kb6 57. Kd5 Kxa6 58. Ke6 Kb5 59. Kxf5 Kc6 60. Kg6 Kd5 61. Kxh5 Ke6 1/2-1/2

[Event "ESTCC 65 2019"]
[Site "Mali Losinj"]
[Date "2019.09.20"]
[Round "3.6"]
[White "Westerinen, Heikki M.J."]
[Black "Hammar, Bengt"]
[Result "1/2-1/2"]
[ECO "B23"]
[WhiteElo "2296"]
[BlackElo "2161"]
[Annotator "NA"]
[PlyCount "78"]
[EventDate "2019.09.18"]
[EventType "team-tourn"]
[EventCountry "CRO"]
[SourceTitle "playchess.com"]
[Source "ChessBase"]
[SourceQuality "1"]
[WhiteTeam "Finland"]
[BlackTeam "Sweden"]
[WhiteTeamCountry "FIN"]
[BlackTeamCountry "SWE"]
[TimeControl "40/5400+30:1800+30"]

1. e4 c5 2. Nc3 d6 3. f4 Nc6 4. Bb5 Bd7 5. Nf3 g6 6. O-O Bg7 7. d3 a6 8. Bxc6 Bxc6 9. Qe1 Nf6 10. Qh4 h6 11. Kh1 d5 12. Ne5 Rc8 13. Nxc6 Rxc6 14. e5 d4 15. Ne2 Nd5 16. c3 dxc3 17. bxc3 e6 18. Qxd8+ Kxd8 19. c4 Ne7 20. Ng3 h5 21. Ne4 Nf5 22. a4 Kc8 23. Ba3 Bf8 24. Ng5 Rc7 25. Rfd1 Bh6 26. Rab1 Bxg5 27. fxg5 Rd8 28. Rb3 Nd4 29. Rc3 Rc6 30. Re1 a5 31. Kg1 b6 32. Kf2 Rc7 33. Bc1 Rcd7 34. Bf4 Kc7 35. g3 Nc6 36. Rd1 Nb4 37. Ke3 Kb7 38. h4 Rd4 39. Ke2 R4d7 1/2-1/2

[Event "ESTCC 65 2019"]
[Site "Mali Losinj"]
[Date "2019.09.20"]
[Round "3.7"]
[White "Malmdin, Nils-Ake"]
[Black "Kivimaki, Jaakko"]
[Result "1/2-1/2"]
[ECO "A14"]
[WhiteElo "2142"]
[BlackElo "2195"]
[Annotator "NA"]
[PlyCount "60"]
[EventDate "2019.09.18"]
[EventType "team-tourn"]
[EventCountry "CRO"]
[SourceTitle "playchess.com"]
[Source "ChessBase"]
[SourceQuality "1"]
[WhiteTeam "Sweden"]
[BlackTeam "Finland"]
[WhiteTeamCountry "SWE"]
[BlackTeamCountry "FIN"]
[TimeControl "40/5400+30:1800+30"]

1. Nf3 d5 2. g3 e6 3. Bg2 Nf6 4. c4 c6 5. b3 Be7 6. O-O b5 7. d3 a5 8. Nbd2 a4 9. Bb2 O-O 10. cxb5 cxb5 11. Rc1 Bb7 12. Ne5 Nfd7 13. Ndf3 f6 14. Nxd7 Qxd7 15. Bh3 Nc6 16. Nd4 Nxd4 17. Bxd4 Ba3 18. Rb1 Bd6 19. Qd2 Qe7 20. Rfc1 f5 21. f4 axb3 22. axb3 e5 23. fxe5 Bxe5 24. Bc5 Bd6 25. d4 b4 26. Bg2 f4 27. gxf4 Rf6 28. e3 Re8 29. Bxd6 Rxd6 30. Re1 Re6 1/2-1/2

[Event "ESTCC 65 2019"]
[Site "Mali Losinj"]
[Date "2019.09.20"]
[Round "3.8"]
[White "Vinke, Dietmar"]
[Black "Friberg, Hans"]
[Result "1/2-1/2"]
[ECO "D40"]
[WhiteElo "2129"]
[BlackElo "2119"]
[Annotator "NA"]
[PlyCount "59"]
[EventDate "2019.09.18"]
[EventType "team-tourn"]
[EventCountry "CRO"]
[SourceTitle "playchess.com"]
[Source "ChessBase"]
[SourceQuality "1"]
[WhiteTeam "Finland"]
[BlackTeam "Sweden"]
[WhiteTeamCountry "FIN"]
[BlackTeamCountry "SWE"]
[TimeControl "40/5400+30:1800+30"]

1. d4 e6 2. c4 Nf6 3. Nf3 d5 4. e3 Be7 5. Nc3 O-O 6. Bd3 c5 7. cxd5 exd5 8. O-O Nc6 9. dxc5 Bxc5 10. a3 a6 11. b4 Be7 12. h3 h6 13. Bb2 Be6 14. Qe2 Re8 15. Rfd1 Qc7 16. b5 Na5 17. Nd4 Nc4 18. Bxc4 Qxc4 19. Qxc4 dxc4 20. a4 Bb4 21. Rac1 Bxc3 22. Bxc3 Rac8 23. Nxe6 Rxe6 24. Bd4 axb5 25. axb5 Ne4 26. Rc2 Nd6 27. Rb1 Nf5 28. Ba1 Nd6 29. Bd4 Nf5 30. Ba1 1/2-1/2

[Event "ESTCC 65 2019"]
[Site "Mali Losinj"]
[Date "2019.09.20"]
[Round "3.9"]
[White "Huss, Andreas"]
[Black "Rooze, Jan"]
[Result "1-0"]
[ECO "E33"]
[WhiteElo "2261"]
[BlackElo "2281"]
[Annotator "NA"]
[PlyCount "83"]
[EventDate "2019.09.18"]
[EventType "team-tourn"]
[EventCountry "CRO"]
[SourceTitle "playchess.com"]
[Source "ChessBase"]
[SourceQuality "1"]
[WhiteTeam "Switzerland"]
[BlackTeam "Belgium"]
[WhiteTeamCountry "SUI"]
[BlackTeamCountry "BEL"]
[TimeControl "40/5400+30:1800+30"]

1. d4 Nf6 2. c4 e6 3. Nf3 Bb4+ 4. Nbd2 d6 5. Qc2 Nc6 6. a3 Bxd2+ 7. Bxd2 O-O 8. Bc3 Qe7 9. b4 e5 10. d5 Nb8 11. e4 Nh5 12. g3 f5 13. Bh3 fxe4 14. Bxc8 Rxc8 15. Qxe4 Nf6 16. Qh4 Nbd7 17. O-O Nf8 18. Rfe1 Qd7 19. Rad1 Qf5 20. Kg2 c6 21. dxc6 Rxc6 22. c5 dxc5 23. Nxe5 Ra6 24. Qc4+ Qe6 25. Qxe6+ Nxe6 26. Nd7 Nxd7 27. Rxd7 cxb4 28. Bxb4 Rb6 29. f4 g6 30. Re3 Re8 31. Kf3 Rc6 32. g4 a5 33. Be7 b5 34. f5 gxf5 35. gxf5 Ng7 36. f6 Ne6 37. Kg4 Kf7 38. Kf5 Rc7 39. Rd5 Rg8 40. Rxe6 Rc2 41. Re4 Rxh2 42. Ke5 1-0

[Event "ESTCC 65 2019"]
[Site "Mali Losinj"]
[Date "2019.09.20"]
[Round "3.10"]
[White "Van Herck, Marcel"]
[Black "Vucenovic, Dragomir"]
[Result "1/2-1/2"]
[ECO "C33"]
[WhiteElo "2088"]
[BlackElo "2154"]
[Annotator "NA"]
[PlyCount "84"]
[EventDate "2019.09.18"]
[EventType "team-tourn"]
[EventCountry "CRO"]
[SourceTitle "playchess.com"]
[Source "ChessBase"]
[SourceQuality "1"]
[WhiteTeam "Belgium"]
[BlackTeam "Switzerland"]
[WhiteTeamCountry "BEL"]
[BlackTeamCountry "SUI"]
[TimeControl "40/5400+30:1800+30"]

1. e4 e5 2. f4 exf4 3. Bc4 Nf6 4. Nc3 c6 5. d4 d5 6. exd5 cxd5 7. Bb5+ Nc6 8. Bxf4 Bd6 9. Nge2 Bg4 10. O-O Bxf4 11. Rxf4 O-O 12. Qd2 Bxe2 13. Bxe2 Qb6 14. Na4 Qc7 15. Bd3 Ne7 16. Nc3 Qb6 17. Raf1 Ng6 18. Bxg6 hxg6 19. Rxf6 gxf6 20. Nxd5 Qd6 21. Nxf6+ Kg7 22. c4 Rh8 23. g3 Rad8 24. Nd5 Rde8 25. Qf2 f5 26. Nf4 g5 27. c5 Qe7 28. Nd5 Qe2 29. Nc3 Qxf2+ 30. Rxf2 Kg6 31. Nb5 Re1+ 32. Kg2 Rd1 33. Nd6 Rxd4 34. Nxb7 Rc4 35. Rxf5 Rb8 36. Nd6 Rxb2+ 37. Kf3 Rc3+ 38. Ke4 Rbc2 39. Kd4 Ra3 40. Re5 Rd2+ 41. Kc4 Rxh2 42. Ne4 Rhxa2 1/2-1/2

[Event "ESTCC 65 2019"]
[Site "Mali Losinj"]
[Date "2019.09.20"]
[Round "3.11"]
[White "Staechelin, Ruedi"]
[Black "Van de Wynkele, Herman"]
[Result "1-0"]
[ECO "B06"]
[WhiteElo "2002"]
[BlackElo "2085"]
[Annotator "NA"]
[PlyCount "69"]
[EventDate "2019.09.18"]
[EventType "team-tourn"]
[EventCountry "CRO"]
[SourceTitle "playchess.com"]
[Source "ChessBase"]
[SourceQuality "1"]
[WhiteTeam "Switzerland"]
[BlackTeam "Belgium"]
[WhiteTeamCountry "SUI"]
[BlackTeamCountry "BEL"]
[TimeControl "40/5400+30:1800+30"]

1. e4 g6 2. d4 Bg7 3. Nc3 c6 4. Nf3 d6 5. h3 b5 6. Be3 Bb7 7. Bd3 a6 8. Qd2 Nd7 9. Ne2 d5 10. e5 c5 11. c3 c4 12. Bc2 Qb6 13. O-O h6 14. a4 e6 15. axb5 axb5 16. Rxa8+ Bxa8 17. Ra1 Bb7 18. b4 cxb3 19. Bxb3 Ne7 20. Bc2 Nf5 21. Bf4 g5 22. Bh2 O-O 23. g4 Ne7 24. h4 gxh4 25. Nxh4 f6 26. Qd3 Ra8 27. Qh7+ Kf8 28. Rxa8+ Bxa8 29. Nf4 fxe5 30. Nfg6+ Kf7 31. Bxe5 Nf6 32. Bxf6 Kxf6 33. Nxe7 Qd8 34. Ng8+ Kf7 35. Nxh6+ 1-0

[Event "ESTCC 65 2019"]
[Site "Mali Losinj"]
[Date "2019.09.20"]
[Round "3.12"]
[White "Schrickx, Frank"]
[Black "Illi, Hans-Joerg"]
[Result "1/2-1/2"]
[ECO "C10"]
[WhiteElo "1813"]
[BlackElo "1987"]
[Annotator "NA"]
[PlyCount "85"]
[EventDate "2019.09.18"]
[EventType "team-tourn"]
[EventCountry "CRO"]
[SourceTitle "playchess.com"]
[Source "ChessBase"]
[SourceQuality "1"]
[WhiteTeam "Belgium"]
[BlackTeam "Switzerland"]
[WhiteTeamCountry "BEL"]
[BlackTeamCountry "SUI"]
[TimeControl "40/5400+30:1800+30"]

1. e4 e6 2. d4 d5 3. Nc3 dxe4 4. Nxe4 Bd7 5. Nf3 Bc6 6. Bd3 Be7 7. O-O Nf6 8. Nxf6+ Bxf6 9. c3 O-O 10. Qe2 Bxf3 11. Qxf3 c6 12. Qe4 g6 13. Bh6 Re8 14. Rfe1 Qb6 15. Qf3 Nd7 16. Re2 Bg7 17. Bxg7 Kxg7 18. Rae1 Rad8 19. b4 a5 20. a3 Ra8 21. h4 h5 22. g4 Rh8 23. g5 Rhe8 24. Bb1 axb4 25. axb4 Ra3 26. Re3 Nf8 27. Qf6+ Kg8 28. Rf3 Qc7 29. Rfe3 Qe7 30. Qf3 Rd8 31. Qe2 Rd5 32. Qb2 Ra8 33. Be4 Rb5 34. Qc2 Kg7 35. Rf3 Nd7 36. Bd3 Rd5 37. Rfe3 Nf8 38. Qe2 Rdd8 39. f4 Qd6 40. Qf3 Ra3 41. Be4 Ra2 42. R3e2 Rda8 43. Kg2 1/2-1/2

[Event "ESTCC 65 2019"]
[Site "Mali Losinj"]
[Date "2019.09.20"]
[Round "3.13"]
[White "Lofgren, Claes"]
[Black "Grahn, Lars"]
[Result "1/2-1/2"]
[ECO "A88"]
[WhiteElo "2059"]
[BlackElo "2024"]
[Annotator "NA"]
[PlyCount "61"]
[EventDate "2019.09.18"]
[EventType "team-tourn"]
[EventCountry "CRO"]
[SourceTitle "playchess.com"]
[Source "ChessBase"]
[SourceQuality "1"]
[WhiteTeam "Denmark"]
[BlackTeam "Sweden"]
[WhiteTeamCountry "DEN"]
[BlackTeamCountry "SWE"]
[TimeControl "40/5400+30:1800+30"]

1. d4 f5 2. Nf3 Nf6 3. c4 g6 4. g3 Bg7 5. Bg2 O-O 6. O-O d6 7. Nc3 c6 8. d5 e5 9. dxe6 Bxe6 10. Bf4 Bxc4 11. Bxd6 Re8 12. Qd4 Ba6 13. Bxb8 Qxb8 14. Qa4 h6 15. Nd4 Qc8 16. Rfd1 Ne4 17. Nxe4 fxe4 18. e3 Bd3 19. Rd2 Kh7 20. Ne2 g5 21. Nc1 b5 22. Qd1 Bc4 23. Rd7 Bd5 24. Bh3 Qb8 25. Qd4 Qe5 26. Ne2 Kh8 27. Qxe5 Bxe5 28. Nc3 Bxc3 29. bxc3 Rf8 30. a4 a6 31. Bf1 1/2-1/2

[Event "ESTCC 65 2019"]
[Site "Mali Losinj"]
[Date "2019.09.20"]
[Round "3.14"]
[White "Wademark, Helge"]
[Black "Nielsen, Jorgen Lovgren"]
[Result "0-1"]
[ECO "C58"]
[WhiteElo "1994"]
[BlackElo "2052"]
[Annotator "NA"]
[PlyCount "62"]
[EventDate "2019.09.18"]
[EventType "team-tourn"]
[EventCountry "CRO"]
[SourceTitle "playchess.com"]
[Source "ChessBase"]
[SourceQuality "1"]
[WhiteTeam "Sweden"]
[BlackTeam "Denmark"]
[WhiteTeamCountry "SWE"]
[BlackTeamCountry "DEN"]
[TimeControl "40/5400+30:1800+30"]

1. e4 e5 2. Nf3 Nc6 3. Bc4 Nf6 4. Ng5 d5 5. exd5 Na5 6. d3 h6 7. Nf3 e4 8. Qe2 Nxc4 9. dxc4 Bc5 10. c3 Bg4 11. h3 Bxf3 12. gxf3 O-O 13. f4 b5 14. Be3 Bxe3 15. fxe3 bxc4 16. Nd2 Nxd5 17. O-O-O Qe7 18. Nxc4 Nb6 19. Rd4 c5 20. Rd2 Qe6 21. Nxb6 axb6 22. a3 Rfd8 23. Qg2 Rxd2 24. Qxd2 Ra7 25. h4 Rd7 26. Qg2 h5 27. Rg1 g6 28. Qg5 Rd5 29. Qg2 Rd3 30. Qe2 Qh3 31. f5 Qxf5 0-1

[Event "ESTCC 65 2019"]
[Site "Mali Losinj"]
[Date "2019.09.20"]
[Round "3.15"]
[White "Nielsen, Preben Lovgren"]
[Black "Bernhardsson, Sten"]
[Result "1/2-1/2"]
[ECO "B45"]
[WhiteElo "2007"]
[BlackElo "1956"]
[Annotator "NA"]
[PlyCount "62"]
[EventDate "2019.09.18"]
[EventType "team-tourn"]
[EventCountry "CRO"]
[SourceTitle "playchess.com"]
[Source "ChessBase"]
[SourceQuality "1"]
[WhiteTeam "Denmark"]
[BlackTeam "Sweden"]
[WhiteTeamCountry "DEN"]
[BlackTeamCountry "SWE"]
[TimeControl "40/5400+30:1800+30"]

1. e4 c5 2. Nf3 e6 3. d4 cxd4 4. Nxd4 Nc6 5. Nc3 a6 6. Be2 Nf6 7. O-O Be7 8. Be3 O-O 9. a4 d5 10. exd5 Nxd5 11. Nxd5 exd5 12. Qd2 Bf6 13. Rad1 Ne5 14. b3 Ng4 15. Bf4 Re8 16. Rfe1 Bh4 17. Bg3 Bxg3 18. hxg3 Qf6 19. Qf4 Qxf4 20. gxf4 Bd7 21. Bf3 Nf6 22. Re5 Kf8 23. Rde1 Rac8 24. Kf1 Bc6 25. Rxe8+ Rxe8 26. Rxe8+ Kxe8 27. Ke2 g6 28. Kd3 Ke7 29. Nxc6+ bxc6 30. Kd4 Kd6 31. b4 Ne8 1/2-1/2

[Event "ESTCC 65 2019"]
[Site "Mali Losinj"]
[Date "2019.09.20"]
[Round "3.16"]
[White "Nordenstrom, Sven"]
[Black "Fabrin, Morten"]
[Result "0-1"]
[ECO "A35"]
[WhiteElo "1874"]
[BlackElo "1998"]
[Annotator "NA"]
[PlyCount "90"]
[EventDate "2019.09.18"]
[EventType "team-tourn"]
[EventCountry "CRO"]
[SourceTitle "playchess.com"]
[Source "ChessBase"]
[SourceQuality "1"]
[WhiteTeam "Sweden"]
[BlackTeam "Denmark"]
[WhiteTeamCountry "SWE"]
[BlackTeamCountry "DEN"]
[TimeControl "40/5400+30:1800+30"]

1. d4 c5 2. e3 Nf6 3. Nf3 g6 4. c4 Bg7 5. Nc3 O-O 6. Be2 cxd4 7. exd4 d5 8. cxd5 Nxd5 9. O-O Nc6 10. h3 a6 11. Be3 b5 12. Qd2 Re8 13. Rfd1 Bf5 14. Rac1 Rc8 15. Nh4 Be6 16. Nxd5 Bxd5 17. Bf3 e6 18. Bxd5 Qxd5 19. Nf3 Red8 20. b3 Qd7 21. Bg5 f6 22. Be3 Ne7 23. Rxc8 Rxc8 24. Rc1 Nd5 25. Kf1 Kf7 26. Rxc8 Qxc8 27. Qc1 Qc3 28. Qxc3 Nxc3 29. a3 Bf8 30. b4 Ke7 31. Bc1 Kd6 32. Ke1 Kd5 33. Bb2 Ne4 34. Ke2 Bh6 35. Ne1 Kc4 36. Nd3 Kb3 37. f4 Kc2 38. Ke3 Nd6 39. Bc1 Nc4+ 40. Ke2 e5 41. d5 e4 42. Nb2 Kxc1 43. Nxc4 bxc4 44. d6 Bxf4 45. d7 Bc7 0-1

[Event "ESTCC 65 2019"]
[Site "Mali Losinj"]
[Date "2019.09.20"]
[Round "3.17"]
[White "Beilfuss, Wilfried"]
[Black "James, Kevin"]
[Result "1-0"]
[ECO "D79"]
[WhiteElo "2192"]
[BlackElo "1959"]
[Annotator "NA"]
[PlyCount "79"]
[EventDate "2019.09.18"]
[EventType "team-tourn"]
[EventCountry "CRO"]
[SourceTitle "playchess.com"]
[Source "ChessBase"]
[SourceQuality "1"]
[WhiteTeam "Germany"]
[BlackTeam "Ireland"]
[WhiteTeamCountry "GER"]
[BlackTeamCountry "IRL"]
[TimeControl "40/5400+30:1800+30"]

1. g3 c5 2. Nf3 g6 3. c3 Bg7 4. d4 cxd4 5. cxd4 d5 6. Nc3 Nf6 7. Bg2 Nc6 8. Ne5 O-O 9. O-O e6 10. Bg5 Qb6 11. Na4 Qb4 12. a3 Qd6 13. Nxc6 Qxc6 14. Rc1 Qb5 15. Rc5 Qd7 16. Bf4 Ne8 17. e3 b6 18. Rc3 Bb7 19. Qc2 Rc8 20. Rxc8 Qxc8 21. Rc1 Nf6 22. Qxc8 Rxc8 23. Rxc8+ Bxc8 24. Bb8 Bd7 25. b3 Bxa4 26. bxa4 a6 27. Bf1 Kf8 28. Bxa6 Ke8 29. Bc7 Nd7 30. Bb5 Bf8 31. Bxb6 Bxa3 32. a5 Ke7 33. Ba7 Bd6 34. a6 Kd8 35. Bxd7 Kxd7 36. Bc5 Bxc5 37. dxc5 Kc7 38. Kf1 e5 39. Ke2 g5 40. g4 1-0

[Event "ESTCC 65 2019"]
[Site "Mali Losinj"]
[Date "2019.09.20"]
[Round "3.18"]
[White "Egan, Colm"]
[Black "Becker, Norbert"]
[Result "1/2-1/2"]
[ECO "A96"]
[WhiteElo "1710"]
[BlackElo "2131"]
[Annotator "NA"]
[PlyCount "63"]
[EventDate "2019.09.18"]
[EventType "team-tourn"]
[EventCountry "CRO"]
[SourceTitle "playchess.com"]
[Source "ChessBase"]
[SourceQuality "1"]
[WhiteTeam "Ireland"]
[BlackTeam "Germany"]
[WhiteTeamCountry "IRL"]
[BlackTeamCountry "GER"]
[TimeControl "40/5400+30:1800+30"]

1. Nf3 e6 2. d4 f5 3. g3 Nf6 4. Bg2 Be7 5. O-O O-O 6. c4 d6 7. b3 Qe8 8. Qc2 Nc6 9. Bb2 a5 10. a3 Bd8 11. Nbd2 e5 12. d5 Nb8 13. e3 Qh5 14. Bc3 c5 15. dxc6 Nxc6 16. b4 e4 17. b5 exf3 18. Bxf3 Ng4 19. Bxg4 Qxg4 20. bxc6 bxc6 21. Rab1 h5 22. Qd1 Qxd1 23. Rfxd1 Ba6 24. Rdc1 Bc7 25. Kg2 Rfb8 26. Kf3 Kf7 27. h4 g6 28. Ba1 Ke6 29. e4 Rxb1 30. exf5+ Kxf5 31. Rxb1 Rb8 32. Re1 1/2-1/2